 Dungeon Crawl Stone Soup version 0.31.0-32-g396128a36d (webtiles) character file.

Game seed: 13174435638600602435

5768 Alphaeus the Grappler (level 10, -8/69 HPs)
             Began as an Octopode Shapeshifter on Mar 19, 2024.
             Was an Initiate of Gozag.
             Killed from afar by an electric eel (16 damage)
             ... with a bolt of electricity
             ... on level 9 of the Dungeon.
             The game lasted 00:12:12 (10461 turns).

Alphaeus the Grappler (Octopode Shapeshifter)      Turns: 10461, Time: 00:12:12

Health: -8/69      AC:  5    Str: 18    XL:     10   Next: 78%
Magic:  10/10      EV: 19    Int: 13    God:    Gozag
Gold:   906        SH:  0    Dex: 15    Spells: 9/9 levels left

rFire   . .          .
                       - Unarmed
rCold   . . .        (shield currently unavailable)
rNeg    . . .        (helmet restricted)
rPois   .            (no amulet)
rElec   .            h - +4 ring of protection
rCorr   +            t - ring of resist corrosion
SInv    +            u - ring of willpower
Will    +....        z - ring of see invisible
Stlth   +            F - +6 ring of dexterity
HPRegen 0.31/turn    (no ring)
MPRegen 0.12/turn    (no ring)
                     (no ring)

%: no passive effects
@: flux-form, gold aura, glowing
A: glow, contaminating, almost no armour, amphibious, 8 rings, camouflage 1,
gelatinous body 1, (nimble swimmer 1), tentacles, clumsy 1, mutation resistance
1
a: Begin Untransformation, Renounce Religion, Potion Petition, Call Merchant,
Bribe Branch


You were on level 9 of the Dungeon.
You worshipped Gozag.
Gozag was pleased with you.
You were something dangerously unstable.
You visited 2 branches of the dungeon, and saw 10 of its levels.

You collected 1079 gold pieces.
You spent 90 gold pieces at shops.
You paid 83 gold pieces to Gozag.

Inventory:

Armour
 n - a +0 kite shield of fire resistance
 w - an orb of guile
Jewellery
 g - an amulet of magic regeneration
 h - a +4 ring of protection (left tentacle)
 j - the ring "Zidas" {rElec Int+5 Dex-4 SInv}
   (You took it off an orc wizard on level 9 of the Dungeon)

   [ring of see invisible]

   Int+5:     It affects your intelligence (+5).
   Dex-4:     It affects your dexterity (-4).
   rElec:     It insulates you from electricity.
   SInv:      It lets you see invisible.
 t - a ring of resist corrosion (right tentacle)
 u - a ring of willpower (on tentacle)
 y - an amulet of reflection
 z - a ring of see invisible (on tentacle)
 C - a ring of fire
 F - a +6 ring of dexterity (on tentacle)
 H - a ring of fire
 J - an amulet of the acrobat
Talismans
 b - a beast talisman
 c - a flux talisman (active)
 K - a maw talisman
Wands
 k - a wand of roots (10)
 D - a wand of acid (7)
 G - a wand of digging (1)
 I - a wand of flame (18)
Scrolls
 d - a scroll of immolation {unknown}
 e - 3 scrolls of teleportation
 l - 4 scrolls of enchant armour
 m - a scroll of vulnerability
 o - 2 scrolls of revelation
 p - a scroll of blinking
 v - 3 scrolls of fear
 x - 2 scrolls of fog
 B - a scroll of poison {unknown}
Potions
 a - 2 potions of lignification
 f - 2 potions of haste
 i - a potion of ambrosia
 q - a potion of attraction
 r - 2 potions of resistance
 s - a potion of brilliance
 A - 4 potions of curing


   Skills:
 + Level 6.3 Fighting
 - Level 6.0 Dodging
 + Level 2.2 Shields
 * Level 9.8 Unarmed Combat
 * Level 9.0 Shapeshifting


You had 9 spell levels left.
You didn't know any spells.
Your spell library contained the following spells:

 Spells                   Type           Power      Damage    Failure   Level
 Apportation              Tloc           0%         N/A       30%         1
 Foxfire                  Conj/Fire      0%         2x1d4     30%         1
 Necrotise                Necr           0%         1d4       30%         1
 Sting                    Conj/Alch      0%         1d3       30%         1
 Summon Small Mammal      Summ           0%         N/A       30%         1
 Jinxbite                 Hex            0%         N/A       43%         2
 Dazzling Flash           Conj/Hex       0%         N/A       67%         3
 Inner Flame              Hex/Fire       0%         N/A       67%         3
 Volatile Blastmotes      Fire/Tloc      0%         2d10      67%         3
 Summon Lightning Spire   Summ/Air       0%         N/A       97%         4
 Alistair's Intoxication  Alch           0%         N/A       100%        5
 Lee's Rapid Deconstruct  Erth           0%         3d4*      100%        5
 Summon Forest            Summ/Tloc      0%         N/A       100%        5
 Starburst                Conj/Fire      0%         6d3       100%        6
 Malign Gateway           Summ/Tloc      0%         N/A       100%        7
 Monstrous Menagerie      Summ           0%         N/A       100%        7
 Maxwell's Capacitive Co  Air            0%         ∞         100%        8
 Summon Horrible Things   Summ           0%         N/A       100%        8
 Animate Armour           Summ/Erth      Unusable   N/A       N/A         4

Dungeon Overview and Level Annotations

Branches:
Dungeon (9/15)             Temple (1/1) D:4
   Lair: D:8-11         Orc: D:9-12

Altars:
Ashenzari
Cheibriados
Dithmenos
Elyvilon
Fedhas
Gozag
Hepliaklqana
Kikubaaqudgha
Makhleb
Nemelex Xobeh
Okawaru
Qazlal
Ru
Sif Muna
Trog
Uskayaw
Vehumet
Wu Jian
Xom
Yredelemnul
Zin
The Shining One

Shops:
D:6 ?::*[   D:7 [

Annotations:
D:4 3 runed translucent doors, Alphaeus's ghost, amateur TrSh


Innate Abilities, Weirdness & Mutations

You are something dangerously unstable.
You glow with magical radiation, making you easy to see and hit.
Foes you strike become dangerously contaminated with magical radiation.
You are incapable of wielding weapons or throwing items.
You cannot wear most types of armour.
You are amphibious.
You can wear up to eight rings at the same time.
Your skin changes colour to match your surroundings (Stealth+).
Your rubbery body absorbs attacks. (AC +1, EV +1)
((You are camouflaged when in or above water. (Stealth+)))
You have tentacles for arms and can constrict up to eight enemies at once.
You are clumsy. (Dex -2)
You are somewhat resistant to further mutation.


Message History

The bolt of electricity hits you!
As you read the scroll of fog, it dissolves into smoke.
The electric eel shoots out a bolt of lightning at you!
The bolt of electricity misses you.
The electric eel shoots out a bolt of lightning at you!
The bolt of electricity hits you!
You miss the electric eel. You grab the electric eel.
You constrict the electric eel. You tentacle-slap the electric eel.
The electric eel begins to glow.
You squeeze the electric eel.
The electric eel is severely wounded.
You constrict the electric eel.
The electric eel shoots out a bolt of lightning at you!
The bolt of electricity misses you.
The electric eel shoots out a bolt of lightning at you!
The bolt of electricity hits you! The bolt of electricity misses you.
You tentacle-slap the electric eel.
You kill the electric eel!
You hear a splash.
You barely miss the electric eel. Your grab misses the electric eel.
The electric eel shoots out a bolt of lightning at you!
The bolt of electricity misses you. The bolt of electricity hits you!
You tentacle-slap the electric eel.
The electric eel begins to glow.
You grab the electric eel.
The electric eel is moderately wounded.
You constrict the electric eel.
The electric eel shoots out a bolt of lightning at you!
The bolt of electricity misses you. The bolt of electricity hits you!
* * * LOW HITPOINT WARNING * * *
You tentacle-slap the electric eel.
The electric eel glows dangerously bright.
You squeeze the electric eel.
The electric eel is heavily wounded.
You constrict the electric eel.
The electric eel shoots out a bolt of lightning at you!
The bolt of electricity hits you!
* * * LOW HITPOINT WARNING * * *
The bolt of electricity hits you!
You die...
Your body crumbles into a pile of gold.

#.....#<....#
#############
###≈~~~###
###≈≈~..~≈~## ##
#~~~......≈~≈####≈
###~..........~~~~≈≈ #.
#§§§§§..~~..}[..~~.§
#.##§§§§§~~~S~S........
#.##§§pS§~####≈~~......
##.#§§#§§### ~~..~S
#...§§#### #≈≈~≈#
#..#..# ###### #...#.#
# #....## # #....# #
#.##.# ##+#### #
#.##.###.# #.....#####


You could see an electric eel (heavy contam).

Vanquished Creatures
  Pikel (D:7)
  2 deep elf pyromancers (D:8)
  Jeremiah (D:8)
  A troll (D:9)
  2 raiju (D:9)
  3 yaks (D:9)
  An acid dragon (D:9)
  3 water moccasins
  An orc warrior (D:8)
  2 ice beasts (D:6)
  2 ogres
  A lemure (D:7)
  6 centaurs
  A phantom (D:5)
  4 kobold brigands
  2 bullfrogs
  A gnoll sergeant (D:9)
  A scorpion (D:6)
  3 wights (D:6)
  5 killer bees (D:8)
  3 electric eels (D:9)
  3 howler monkeys (D:9)
  A bombardier beetle (D:6)
  A gnoll bouda (D:5)
  2 hounds (D:5)
  5 orc priests
  Crazy Yiuf (D:5)
  3 iguanas
  8 orc wizards
  An adder (D:2)
  8 gnolls
  3 dart slugs
  2 ribbon worms
  29 orcs
  9 endoplasms
  3 giant cockroaches
  6 goblins
  5 hobgoblins
  4 jackals (D:1)
  23 kobolds
  4 quokkas
  8 ball pythons
  7 bats
  8 frilled lizards
  5 rats
195 creatures vanquished.

Notes
Turn   | Place    | Note
-------+----------+-------------------------------------------
     0 | D:1      | Alphaeus the Octopode Shapeshifter began the quest for the
                  | Orb.
     0 | D:1      | Reached XP level 1. HP: 13/13 MP: 1/1
    60 | D:1      | Reached XP level 2. HP: 2/18 MP: 2/2
   127 | D:1      | Found a faded altar of an unknown god.
   347 | D:1      | Reached XP level 3. HP: 22/23 MP: 3/3
   860 | D:2      | Reached XP level 4. HP: 15/28 MP: 4/4
  1627 | D:3      | Noticed an ogre
  1640 | D:3      | Killed an ogre
  1641 | D:3      | Reached XP level 5. HP: 9/34 MP: 5/5
  1972 | D:3      | Reached XP level 6. HP: 22/40 MP: 6/6
  2107 | D:4      | Found a staircase to the Ecumenical Temple.
  2131 | Temple   | Entered the Ecumenical Temple
  2175 | D:4      | Found an ancient bone altar of Kikubaaqudgha.
  2536 | D:4      | Found a runed translucent gate.
  2538 | D:4      | Found a runed translucent gate.
  2538 | D:4      | Found a runed translucent gate.
  2556 | D:4      | Noticed Alphaeus's ghost (amateur TrSh)
  2590 | D:5      | Entered Level 5 of the Dungeon
  2696 | D:5      | Reached skill level 5 in Unarmed Combat
  2696 | D:5      | Reached XP level 7. HP: 45/45 MP: 7/7
  2803 | D:5      | Reached skill level 5 in Shapeshifting
  2913 | D:5      | Found a blossoming altar of Fedhas.
  2980 | D:5      | Noticed a yak
  3100 | D:5      | Found a runed translucent door.
  3100 | D:5      | Noticed Crazy Yiuf
  3242 | D:5      | Killed Crazy Yiuf
  3385 | D:6      | Found Dosmanyviyp's Antique Armour Shop.
  3387 | D:6      | Found Ywkeukhla's Assorted Antiques.
  3423 | D:6      | Reached XP level 8. HP: 20/52 MP: 8/8
  3608 | D:6      | Found Mikkea's Book Boutique.
  3626 | D:6      | Found an opulent altar of Gozag.
  3641 | D:6      | Became a worshipper of Gozag Ym Sagoz the Greedy
  3748 | D:6      | Found a shimmering altar of Xom.
  4174 | D:6      | Found a glowing silver altar of Zin.
  4691 | D:6      | Found Loech's Magic Scroll Boutique.
  4707 | D:6      | Bought 3 scrolls of identify for 90 gold pieces
  4874 | D:6      | Found Xatool's Book Boutique.
  5266 | D:7      | Noticed Pikel
  5277 | D:7      | Killed Pikel
  5278 | D:7      | Reached skill level 5 in Dodging
  5278 | D:7      | Reached XP level 9. HP: 42/59 MP: 9/9
  5600 | D:7      | Found Ybbausy's Antique Armour Emporium.
  5641 | D:7      | Found a white marble altar of Elyvilon.
  6341 | D:8      | Reached skill level 5 in Fighting
  6648 | D:8      | Noticed Jeremiah
  6688 | D:8      | Killed Jeremiah
  7081 | D:8      | Found a snail-covered altar of Cheibriados.
  7081 | D:8      | Found an iron altar of Okawaru.
  7193 | D:8      | Noticed a deep elf pyromancer
  7193 | D:8      | Noticed a deep elf pyromancer
  7209 | D:8      | Killed a deep elf pyromancer
  7210 | D:8      | Reached XP level 10. HP: 31/67 MP: 10/10
  7408 | D:8      | Killed a deep elf pyromancer
  7505 | D:8      | Got the Anthology of Calling and Fever
  8710 | D:9      | Reached skill level 1 in Shields
  8798 | D:9      | Gained mutation: You are somewhat resistant to further
                  | mutation. [potion of mutation]
  8798 | D:9      | Gained mutation: You are clumsy. (Dex -2) [potion of
                  | mutation]
  8935 | D:9      | Identified the ring "Zidas" {rElec Int+5 Dex-4 SInv}
  9032 | D:9      | Found a burning altar of Makhleb.
  9602 | D:9      | Found a broken altar of Ashenzari.
  9607 | D:9      | Saw a vision of the Shoals and the Spider Nest.
  9607 | D:9      | Noticed a water nymph
  9607 | D:9      | Noticed a sea snake
  9607 | D:9      | Noticed a sea snake
  9607 | D:9      | Noticed a merfolk siren
  9607 | D:9      | Noticed a merfolk impaler
  9607 | D:9      | Noticed a manticore
  9607 | D:9      | Noticed a manticore
  9607 | D:9      | Noticed a merfolk avatar
  9607 | D:9      | Noticed a wolf spider
  9607 | D:9      | Noticed a demonic crawler
  9607 | D:9      | Noticed a steelbarb worm
  9607 | D:9      | Noticed a boulder beetle
  9607 | D:9      | Noticed a spark wasp
  9607 | D:9      | Noticed a radroach
  9608 | D:9      | Noticed a wolf spider
  9608 | D:9      | Noticed a kraken
 10461 | D:9      | Killed from afar by an electric eel

Illustrated notes

Levels and vault maps discovered:
D:1:      saegor_arrival_simple_b, layout_loops_ring,
          shapermc_ecumenical_altar_pompeii, skrybe_limestone_x
D:2:      layout_loops_cross, serial_bayou_pond_d
D:3:      layout_rooms
D:4:      layout_loops_ring, mainiacjoe_overflow_boulevard,
          minmay_temple_entry_sparse_star, ebering_ghost_rock_garden,
          minmay_hedge_maze, nicolae_stop_n_shop_1
D:5:      layout_cave_pools, fedhas_altar_1,
          serial_library_hellmonk_angled_corner, kennysheep_decorative_pillar,
          lightli_corner_chamber, uniq_crazy_yiuf_cottage
D:6:      layout_layer_cave, pdpol_temple_overflow_zin_treasury_gozag_greed,
          mainiacjoe_overflow_cross_hatched, serial_shops,
          nicolae_shop_gibbet_a_chance, nicolae_shop_crystal,
          nicolae_shop_tiny_real_fake_doors, shop, shop
D:7:      layout_loops_corners, mainiacjoe_overflow_24_doors, serial_shops,
          shop, uniq_pikel
D:8:      layout_cave_pods, gammafunk_temple_overflow_elements,
          serial_library_hellmonk_metal_room, uniq_jeremiah
D:9:      layout_loops_corners, mainiacjoe_overflow_alcove_4,
          grunt_ashenzari_visionary [grunt_ashenzari_visionary_shoals,
          grunt_ashenzari_visionary_spider], nicolae_have_a_lightning_rod
Temple:   nicolae_temple_ecumenical_triangle

Skill      XL: |  1  2  3  4  5  6  7  8  9 10 |
---------------+-------------------------------+-----
Fighting       | 2 3 4 5 6 |  6.3
Unarmed Combat | 4 5 6 7 8 9 |  9.8
Shapeshifting  | 4 5 6 8 9 |  9.0
Dodging        | 3 4 5 6 |  6.0
Shields        | 2 |  2.2

Action                     |  1- 3 |  4- 6 |  7- 9 | 10-12 || total
---------------------------+-------+-------+-------+-------++-------
  Melee: Unarmed           |    60 |   102 |   200 |   122 ||   484
         Constrict         |    17 |    15 |    51 |    29 ||   112
         Tentacles         |    15 |    18 |    51 |    34 ||   118
         Punch             |     1 |     3 |     5 |       ||     9
    Use: Scroll            |       |       |    18 |     3 ||    21
         Potion            |       |       |     2 |     6 ||     8
   Stab: Sleeping          |     4 |    11 |     1 |       ||    16
         Distracted        |       |     1 |       |     2 ||     3
 Armour: Skin              |    37 |    30 |   106 |    81 ||   254
  Dodge: Dodged            |    33 |    41 |   158 |   112 ||   344
   Form: Flux              |       |       |     1 |       ||     1
